 Dungeon Crawl Stone Soup version 0.26.1-2-gb8aa6d0cf2 (webtiles) character file.

Game seed: 7120643286074280827

136579 Groucho the Unseen (level 16, -7/72 HPs)
             Began as a Spriggan Enchanter on Feb 21, 2021.
             Was the Champion of Kikubaaqudgha.
             Shot with a bolt by a naga sharpshooter (24 damage)
             ... on level 4 of the Snake Pit.
             The game lasted 04:18:52 (87391 turns).

Groucho the Unseen (Spriggan Enchanter)            Turns: 87391, Time: 04:18:53

Health: -7/72      AC:  4    Str:  8    XL:     16   Next: 67%
Magic:  31/33      EV: 37    Int: 18    God:    Kikubaaqudgha [******]
Gold:   959        SH:  0    Dex: 24    Spells: 5/39 levels left

rFire    . . .     SeeInvis +   a - +5 dagger (venom)
rCold    . . .     Faith    .   (shield restricted)
rNeg     + . .     Spirit   .   C - +2 robe {rN+}
rPois    .         Reflect  .   (helmet restricted)
rElec    .         Harm     .   u - scarf {+Inv}
rCorr    +         Rampage  .   (gloves unavailable)
Will     ++...                  (boots unavailable)
Stlth    ++++++++..             b - amulet of regeneration
HPRegen  0.62/turn              d - ring of resist corrosion
MPRegen  0.23/turn              p - +6 ring of dexterity

@: studying Stealth, very quick
A: very small, unfitting armour, see invisible, speed 3
a: Renounce Religion, Evoke Invisibility, Receive Corpses, Torment


You were on level 4 of the Snake Pit.
You worshipped Kikubaaqudgha.
Kikubaaqudgha was exalted by your worship.
You visited 9 branches of the dungeon, and saw 33 of its levels.

You collected 2718 gold pieces.
You spent 1759 gold pieces at shops.

Inventory:

Hand Weapons
 a - a +5 dagger of venom (weapon)
 t - a +2 dagger of holy wrath
 K - a +2 dagger of protection
 L - a +5 dagger
Missiles
 e - 86 poisoned darts (quivered)
 k - 34 boomerangs
 T - 5 boomerangs of dispersal
Armour
 h - a +2 robe of cold resistance
 u - a scarf of invisibility (worn)
 C - a +2 robe of positive energy (worn)
 I - a +0 cloak
 X - a +0 buckler
Jewellery
 b - an amulet of regeneration (around neck)
 d - a ring of resist corrosion (left hand)
 l - an uncursed ring of fire
 p - a +6 ring of dexterity (right hand)
 v - an uncursed ring of willpower
 x - an uncursed amulet of magic regeneration
 S - a +6 ring of dexterity
Wands
 f - a wand of digging (9)
 A - a wand of random effects (20)
 G - a wand of iceblast (7)
 M - a wand of disintegration (7)
 O - a wand of acid (17)
 P - a wand of flame (11)
 R - a wand of polymorph (9)
Scrolls
 j - 2 scrolls of amnesia
 m - a scroll of holy word {unknown}
 n - 4 scrolls of fear
 r - 6 scrolls of enchant armour
 y - 13 scrolls of teleportation
 z - a scroll of vulnerability {unknown}
 D - 6 scrolls of identify
 E - 14 scrolls of remove curse
 F - a scroll of acquirement {unknown}
 H - a scroll of summoning {unknown}
 N - 2 scrolls of magic mapping
 W - a scroll of silence {unknown}
 Y - a scroll of fog
Potions
 c - 3 potions of attraction
 g - 2 potions of curing
 i - a potion of resistance
 o - 3 potions of brilliance
 q - a potion of berserk rage
 w - 3 potions of might
 B - 2 potions of ambrosia
 J - 2 potions of flight
 Q - 2 potions of lignification
 U - a potion of haste
 V - a potion of invisibility
Books
 Z - a manual of Stealth


   Skills:
 - Level 3.3 Fighting
 - Level 10.0 Short Blades
 - Level 6.0 Throwing
 + Level 18.5 Dodging
 * Level 18.7 Stealth
 + Level 2.2 Shields
 + Level 12.2 Spellcasting
 - Level 14.0 Hexes
 - Level 10.4 Necromancy
 - Level 7.7 Translocations
 - Level 5.0 Ice Magic
 - Level 10.0 Evocations


You had 5 spell levels left.
You knew the following spells:

 Your Spells              Type           Power        Failure   Level
a - Invisibility          Hex            57%          3%          6
b - Ensorcelled Hibernat  Hex/Ice        90%          1%          2
c - Confusing Touch       Hex            57%          1%          3
d - Tukima's Dance        Hex            57%          1%          3
e - Dazzling Flash        Conj/Hex       72%          1%          3
f - Blink                 Tloc           N/A          1%          2
g - Dispel Undead         Necr           48%          1%          4
h - Mephitic Cloud        Conj/Pois/Air  10%          19%         3
i - Teleport Other        Tloc           38%          1%          3
j - Apportation           Tloc           76%          1%          1
k - Summon Small Mammal   Summ           40%          6%          1
m - Ozocubu's Armour      Ice            28%          2%          3

Your spell library contained the following spells:

 Spells                   Type           Power        Failure   Level
 Animate Skeleton         Necr           96%          1%          1
 Corona                   Hex            63%          1%          1
 Freeze                   Ice            100%         1%          1
 Pain                     Necr           100%         1%          1
 Slow                     Hex            57%          1%          2
 Sublimation of Blood     Necr           24%          1%          2
 Gell's Gravitas          Tloc           19%          1%          3
 Inner Flame              Hex/Fire       36%          1%          3
 Lesser Beckoning         Tloc           19%          1%          3
 Vampiric Draining        Necr           24%          1%          3
 Frozen Ramparts          Ice            56%          2%          3
 Passage of Golubria      Tloc           N/A          2%          4
 Excruciating Wounds      Necr           24%          2%          5
 Foxfire                  Conj/Fire      40%          6%          1
 Magic Dart               Conj           40%          6%          1
 Call Imp                 Summ           10%          10%         2
 Poisonous Vapours        Pois/Air       20%          10%         2
 Conjure Flame            Conj/Fire      10%          19%         3
 Static Discharge         Conj/Air       10%          19%         3
 Borgnjor's Vile Clutch   Necr/Erth      14%          21%         5
 Hailstorm                Conj/Ice       19%          22%         4
 Summon Ice Beast         Ice/Summ       19%          22%         4
 Sticky Flame             Conj/Fire      10%          54%         4
 Alistair's Intoxication  Tmut/Pois      6%           87%         5
 Fireball                 Conj/Fire      5%           87%         5
 Lightning Bolt           Conj/Air       5%           87%         5
 Death Channel            Necr           24%          13%         6
 Simulacrum               Ice/Necr       19%          38%         6
 Freezing Cloud           Conj/Ice/Air   8%           99%         6
 Haunt                    Necr/Summ      14%          99%         7
 Borgnjor's Revivificati  Necr           24%          99%         8
 Infestation              Necr           24%          99%         8
 Ignition                 Fire           5%           100%        8
 Necromutation            Tmut/Necr      14%          100%        8
 Death's Door             Necr           24%          100%        9
 Shatter                  Erth           5%           100%        9
 Tornado                  Air            5%           100%        9


Dungeon Overview and Level Annotations

Branches:
Dungeon (15/15)            Temple (1/1) D:6            Lair (6/6) D:11
 Shoals (2/4) Lair:2        Snake (4/4) Lair:2        Slime (1/5) Lair:6
    Orc (2/2) D:12            Elf (1/3) Orc:2        Vaults (0/5) D:14
 Depths (1/5) D:15

Altars:
Ashenzari
Cheibriados
Elyvilon
Fedhas
Gozag
Kikubaaqudgha
Makhleb
Nemelex Xobeh
Okawaru
Qazlal
Sif Muna
Trog
Uskayaw
Vehumet
Wu Jian
Xom
Zin
The Shining One
Beogh

Shops:
D:6 :   Orc:2 *}[}(   Snake:1 (   Snake:3 *

Portals:
Trove: D:14 (give +6 demon whip)

Annotations:
D:13 1 runed translucent door, Liimbo's ghost, journeyman FoWn
D:15 2 transporters, exclusion: ice statue, tamionv's ghost, adept GrBe
Lair:2 Frances
Lair:3 3 runed translucent doors, Luuwnalu's ghost, journeyman KoHu


Innate Abilities, Weirdness & Mutations

You are very small and have problems with some larger weapons.
You are too small for most types of armour.
You have supernaturally acute eyesight. (SInv)
You cover ground extremely quickly.


Message History

Press: ? - help, Shift-Dir - straight line, f - shock serpent
Aim: a shock serpent (chance to affect: 52%)
The shock serpent looks drowsy...
The helpless shock serpent fails to defend itself.
You perforate the shock serpent like a sieve!!!!!
You kill the shock serpent!
Kikubaaqudgha accepts your kill.
The air sparks with electricity, shocking you!
The naga sharpshooter mumbles some strange words.
The naga sharpshooter magically shoots a bolt.
The bolt hits you!!
* * * LOW HITPOINT WARNING * * *
Unknown command.
Unknown command.
There is a stone staircase leading up here.
The naga sharpshooter mumbles some strange words.
The naga sharpshooter magically shoots a bolt.
The bolt hits you!!
You die...
Kikubaaqudgha rasps: "You have failed me!
Welcome... death!"

##...##
##.......#
##.........#
##...........##
##...##...##...##
#...###.8.# #...#
#..####...##
#..## ...#
#.....# #...#
<.8# #..<..#
#8(@# ...#
#.....# #.†.#
#..# ##...##
#..## #...# #.8.#
#...#
##...##...##...##
##...........##
#..NNN....#
#..SNN..#


You could see a naga sharpshooter.

Vanquished Creatures
  Rupert (Orc:1)
  A nagaraja (Snake:2)
  A minotaur (Lair:1)
  An ettin (Orc:1)
  A merfolk javelineer (Shoals:1)
  3 vault guards (D:14)
  5 hydras
  An ice dragon (Snake:3)
  Erica (D:11)
  5 anacondas
  4 boulder beetles
  Erolcha (Orc:2)
  2 naga warriors
  3 two-headed ogres
  3 catoblepae
  4 centaur warriors
  12 death yaks
  2 tengu warriors (D:15)
  An alligator (Lair:6)
  3 orc high priests
  2 naga sharpshooters (Snake:2)
  The ghost of Gioss the Thaumaturge, a journeyman DECj of Vehumet (Lair:1)
  2 shock serpents
  Nergalle (Lair:2)
  A salamander mystic (Snake:3)
  4 skeletal warriors (D:15)
  A swamp dragon (shapeshifter) (D:15)
  2 unseen horrors
  3 sea snakes
  2 lindwurms (Lair:6)
  2 naga ritualists
  A wolf spider zombie (D:14)
  5 orc knights
  A necromancer (D:14)
  6 ugly things
  5 mana vipers
  A deep elf mage (Orc:2)
  4 cyclopes
  5 manticores
  A manticore (shapeshifter) (D:15)
  4 orc sorcerers (Orc:2)
  The ghost of lasso the Sneak, a novice OpBr (D:4)
  12 elephants
  2 merfolk sirens
  4 salamanders
  26 black mambas
  2 centaur zombies
  Joseph (D:10)
  A water nymph (Shoals:1)
  A guardian serpent (Snake:2)
  9 naga magi
  14 cane toads
  Psyche (D:10)
  3 torpor snails (Lair:6)
  Maggie (Lair:2)
  6 rime drakes
  3 gargoyles
  An efreet (D:15)
  9 komodo dragons
  2 yaktaurs (D:14)
  3 merfolk
  A wind drake (Lair:3)
  11 slime creatures
  5 trolls
  13 polar bears
  6 blink frogs
  4 raiju (Lair:6)
  3 snapping turtles (Shoals:1)
  9 dream sheep
  Sigmund (D:3)
  4 wraiths
  2 shadows
  34 yaks
  18 humans (D:14)
  10 wyverns
  A vampire (D:13)
  Eustachio (D:5)
  A tarantella (shapeshifter) (D:15)
  3 basilisks
  26 nagas
  11 wargs
  3 acid dragons
  A soldier ant (D:14)
  17 water moccasins
  11 hell hounds (Lair:6)
  28 orc warriors
  4 sky beasts
  2 eyes of draining
  2 ice beasts
  A necrophage (D:11)
  14 black bears
  36 wolves
  10 ogres
  2 phantoms
  5 boggarts (D:15)
  12 centaurs
  3 big kobolds
  22 bullfrogs
  A wyvern zombie (D:13)
  2 wyvern skeletons
  8 jellies
  5 scorpions
  15 killer bees
  24 wights
  2 electric eels
  2 howler monkeys (D:13)
  7 hounds
  A quasit (D:9)
  4 bullfrog zombies
  19 orc priests
  25 orc wizards
  5 centaur skeletons
  4 iguanas
  5 worker ants
  A hound zombie (D:7)
  A howler monkey skeleton (D:11)
  A howler monkey zombie (D:7)
  14 adders
  A shadow imp (D:7)
  A white imp (D:7)
  4 ufetubi
  An ooze (D:2)
  3 worms
  4 dart slugs
  3 leopard geckos
  72 orcs
  6 bats
  9 giant cockroaches
  10 goblins
  7 hobgoblins
  6 jackals
  20 kobolds
  3 quokkas
  7 frilled lizards
  A leopard gecko zombie (D:3)
  A quokka skeleton (D:5)
  5 rats
858 creatures vanquished.

Vanquished Creatures (collateral kills)
  An orc high priest (Orc:2)
1 creature vanquished.

Vanquished Creatures (others)
  2 dancing weapons (Orc:2)
  2 orc priests (Orc:2)
  3 orc wizards
  An orc (Orc:2)
  28 fungi
  64 plants
100 creatures vanquished.

Grand Total: 959 creatures vanquished

Notes
Turn   | Place    | Note
-------+----------+-------------------------------------------
     0 | D:1      | Groucho the Spriggan Enchanter began the quest for the Orb.
     0 | D:1      | Reached XP level 1. HP: 9/9 MP: 5/5
   193 | D:1      | Reached skill level 5 in Stealth
   716 | D:1      | Reached XP level 2. HP: 13/13 MP: 6/6
  1337 | D:2      | Reached XP level 3. HP: 16/16 MP: 8/8
  1555 | D:2      | Learned a level 2 spell: Ensorcelled Hibernation
  1559 | D:2      | Learned a level 3 spell: Confusing Touch
  3155 | D:2      | Reached XP level 4. HP: 21/21 MP: 9/9
  3836 | D:2      | Found a shimmering blue altar of Sif Muna.
  4229 | D:3      | Found an ancient bone altar of Kikubaaqudgha.
  4229 | D:3      | Noticed Sigmund
  6127 | D:4      | Noticed an ogre
  6134 | D:4      | Killed an ogre
  6135 | D:4      | Reached XP level 5. HP: 24/24 MP: 10/10
  6142 | D:4      | Reached skill level 10 in Stealth
  6846 | D:4      | Reached XP level 6. HP: 21/28 MP: 8/11
  8585 | D:4      | Found a white marble altar of Elyvilon.
  8590 | D:4      | Found a runed translucent door.
  8590 | D:4      | Noticed lasso's ghost (novice OpBr)
  8595 | D:4      | Killed lasso's ghost
  8596 | D:4      | Reached skill level 5 in Hexes
  8596 | D:4      | Reached XP level 7. HP: 32/32 MP: 11/14
  8771 | D:4      | Found a glowing silver altar of Zin.
  8771 | D:4      | Noticed an angel
 10010 | D:4      | Learned a level 3 spell: Tukima's Dance
 10014 | D:4      | Learned a level 3 spell: Dazzling Flash
 10017 | D:4      | Learned a level 2 spell: Blink
 10019 | D:4      | Learned a level 1 spell: Magic Dart
 10533 | D:5      | Entered Level 5 of the Dungeon
 10835 | D:4      | Reached XP level 8. HP: 8/36 MP: 4/16
 12437 | D:5      | Reached skill level 5 in Spellcasting
 12751 | D:5      | Noticed Eustachio
 12935 | D:5      | Killed Eustachio
 16468 | D:6      | Found a staircase to the Ecumenical Temple.
 16481 | Temple   | Entered the Ecumenical Temple
 17591 | D:3      | Killed Sigmund
 17606 | D:3      | Became a worshipper of Kikubaaqudgha
 17807 | D:6      | Reached XP level 9. HP: 39/39 MP: 19/19
 18160 | D:6      | Found Duuxku's Book Shop.
 18984 | D:6      | Reached skill level 1 in Necromancy
 19219 | D:7      | Found a burning altar of Makhleb.
 19311 | D:7      | Reached skill level 15 in Stealth
 19967 | D:7      | Found a stormy altar of Qazlal.
 21729 | D:8      | Found a broken altar of Ashenzari.
 22270 | D:8      | Reached skill level 5 in Dodging
 22695 | D:8      | Found an ornate altar of the Wu Jian Council.
 23923 | D:8      | Reached XP level 10. HP: 44/44 MP: 20/23
 24306 | D:8      | Found a bloodstained altar of Trog.
 25217 | D:9      | You fall into a shaft and drop 1 floor!
 25217 | D:10     | Entered Level 10 of the Dungeon
 25232 | D:10     | Noticed Psyche
 25239 | D:10     | Killed Psyche
 25239 | D:10     | Reached * piety under Kikubaaqudgha
 25239 | D:10     | Identified Kikubaaqudgha's Guide on Sinister Rites
                  | (Kikubaaqudgha gifted it to you on level 10 of the Dungeon)
 25239 | D:10     | Received a gift from Kikubaaqudgha
 25772 | D:10     | Learned a level 3 spell: Mephitic Cloud
 26051 | D:10     | Found a glowing silver altar of Zin.
 26444 | D:10     | Noticed a two-headed ogre
 26653 | D:10     | Noticed Joseph
 26682 | D:10     | Killed Joseph
 26797 | D:10     | Killed a two-headed ogre
 26798 | D:10     | Reached skill level 5 in Necromancy
 27010 | D:10     | Reached skill level 10 in Hexes
 27018 | D:10     | Reached ** piety under Kikubaaqudgha
 27912 | D:11     | Reached XP level 11. HP: 47/47 MP: 14/25
 28418 | D:11     | Reached skill level 1 in Evocations
 28492 | D:11     | Noticed a red ugly thing
 28505 | D:11     | Reached skill level 10 in Spellcasting
 29127 | D:11     | Killed a red ugly thing
 29753 | D:11     | Found a staircase to the Lair.
 29756 | D:11     | Noticed Erica
 29921 | D:11     | Noticed an unseen horror
 29924 | D:11     | Noticed a two-headed ogre
 29927 | D:11     | Killed a two-headed ogre
 29951 | D:11     | Reached skill level 10 in Dodging
 29965 | D:11     | Killed an unseen horror
 29984 | D:11     | Reached *** piety under Kikubaaqudgha
 29984 | D:11     | Identified Kikubaaqudgha's Almanac of Stolen Souls
                  | (Kikubaaqudgha gifted it to you on level 11 of the Dungeon)
 29984 | D:11     | Received a gift from Kikubaaqudgha
 30005 | D:11     | Learned a level 4 spell: Dispel Undead
 30412 | D:12     | Noticed an unseen horror
 30422 | D:12     | Killed an unseen horror
 30423 | D:12     | Reached skill level 5 in Evocations
 30801 | D:12     | Found a staircase to the Orcish Mines.
 30911 | Lair:1   | Entered Level 1 of the Lair of Beasts
 30973 | Lair:1   | Found a runed translucent gate.
 30974 | Lair:1   | Found a runed translucent gate.
 30975 | Lair:1   | Found a runed translucent gate.
 30977 | Lair:1   | Noticed a minotaur
 31190 | Lair:1   | Noticed Gioss's ghost (journeyman DECj)
 31405 | Lair:1   | Noticed a six-headed hydra
 31574 | Lair:1   | Killed a six-headed hydra
 31751 | Lair:1   | Reached XP level 12. HP: 51/51 MP: 28/28
 32307 | Lair:1   | Noticed a five-headed hydra
 32316 | Lair:1   | Killed a five-headed hydra
 32964 | Lair:2   | Noticed Nergalle
 32978 | Lair:2   | Killed Nergalle
 33093 | Lair:2   | Found a staircase to the Snake Pit.
 33108 | Snake:1  | Entered Level 1 of the Snake Pit
 33382 | Lair:2   | Noticed Maggie
 33406 | Lair:2   | Killed Maggie
 33878 | Lair:2   | Noticed a death yak
 33910 | Lair:2   | Noticed a death yak
 33912 | Lair:2   | Noticed a death yak
 33913 | Lair:2   | Noticed a death yak
 33913 | Lair:2   | Noticed a death yak
 34015 | Lair:2   | Found a staircase to the Shoals.
 34227 | Lair:2   | Killed a death yak
 34367 | Lair:2   | Killed a death yak
 34470 | Lair:2   | Killed a death yak
 34734 | Lair:2   | Killed a death yak
 34924 | Lair:2   | Killed a death yak
 35397 | Shoals:1 | Entered Level 1 of the Shoals
 35598 | Lair:3   | Reached **** piety under Kikubaaqudgha
 36136 | Lair:3   | Reached XP level 13. HP: 55/55 MP: 29/29
 36704 | Lair:3   | Found a runed translucent gate.
 36704 | Lair:3   | Found a runed translucent gate.
 36704 | Lair:3   | Found a runed translucent gate.
 36757 | Lair:3   | Noticed a spark wasp
 36757 | Lair:3   | a seven-headed hydra changed into a spark wasp
 36759 | Lair:3   | a spark wasp changed into a wind drake
 37185 | Lair:3   | Noticed Luuwnalu's ghost (journeyman KoHu)
 37258 | Lair:3   | You fall into a shaft and drop 1 floor!
 38429 | Lair:4   | Reached skill level 10 in Evocations
 39124 | Lair:4   | Reached skill level 1 in Fighting
 43994 | Lair:6   | Entered Level 6 of the Lair of Beasts
 44516 | Lair:6   | Found a staircase to the Slime Pits.
 44539 | Lair:6   | Reached ***** piety under Kikubaaqudgha
 44567 | Slime:1  | Entered Level 1 of the Pits of Slime
 44567 | Slime:1  | Noticed an acid blob
 44567 | Slime:1  | Noticed an azure jelly
 45781 | Lair:5   | Reached XP level 14. HP: 65/65 MP: 30/30
 45865 | Lair:5   | Reached skill level 1 in Ice Magic
 46318 | Lair:5   | Reached skill level 15 in Dodging
 49248 | Lair:6   | Reached skill level 5 in Short Blades
 49342 | Lair:6   | Reached skill level 10 in Necromancy
 50055 | Lair:6   | Reached skill level 1 in Throwing
 52829 | D:11     | Killed Erica
 55226 | D:12     | Learned a level 3 spell: Teleport Other
 56659 | D:13     | Learned a level 1 spell: Apportation
 56661 | D:13     | Learned a level 1 spell: Summon Small Mammal
 57522 | D:14     | Found a burning altar of Makhleb.
 58008 | D:13     | Found a runed translucent door.
 58502 | D:13     | Reached XP level 15. HP: 59/68 MP: 18/31
 59088 | D:13     | Noticed Liimbo's ghost (journeyman FoWn)
 59088 | D:13     | Identified the +12 spear of Subterfuge {vorpal, rElec MP+9}
 60188 | D:14     | Reached skill level 1 in Translocations
 60430 | D:14     | Reached skill level 5 in Ice Magic
 61741 | D:14     | Found a gate to the Vaults.
 61851 | D:14     | Found a portal to a secret trove of treasure.
 62196 | D:15     | Entered Level 15 of the Dungeon
 62511 | D:15     | Reached skill level 5 in Throwing
 62717 | D:15     | Reached ****** piety under Kikubaaqudgha
 63025 | D:15     | Found a transporter.
 63027 | D:15     | Found a transporter.
 63049 | D:15     | Reached skill level 5 in Translocations
 63080 | D:15     | Noticed tamionv's ghost (adept GrBe)
 63871 | D:15     | Identified the +15 plate armour of Dynwiff {Dex+5 Slay-3
                  | Stlth+}
 64934 | D:15     | Found a staircase to the Depths.
 65223 | Depths:1 | Entered Level 1 of the Depths
 65441 | Orc:1    | Entered Level 1 of the Orcish Mines
 66132 | Orc:2    | Entered Level 2 of the Orcish Mines
 66132 | Orc:2    | Found Rieps's Weapon Boutique.
 66193 | Orc:2    | Found a roughly hewn altar of Beogh.
 66688 | Orc:2    | Found a staircase to the Elven Halls.
 66853 | Orc:2    | Noticed Erolcha
 66858 | Orc:2    | Killed Erolcha
 66921 | Orc:2    | Noticed Rupert
 67220 | Orc:1    | Learned a level 5 spell: Borgnjor's Vile Clutch
 67635 | Orc:2    | Paralysed by Rupert for 3 turns
 67691 | Orc:1    | Killed Rupert
 72651 | Orc:2    | Found Qutsor's Gadget Shoppe.
 72651 | Orc:2    | Found Buepn's General Store.
 72655 | Orc:2    | Found Paynal's Armour Shoppe.
 72655 | Orc:2    | Found Ikaak's Gadget Shop.
 72669 | Orc:2    | Bought a +0 cloak for 72 gold pieces
 72678 | Orc:2    | Bought a scroll of magic mapping for 52 gold pieces
 72680 | Orc:2    | Bought a wand of acid (8) for 360 gold pieces
 72763 | Elf:1    | Entered Level 1 of the Elven Halls
 73041 | D:3      | Received a gift from Kikubaaqudgha
 74188 | D:6      | Bought a book of Party Tricks for 750 gold pieces
 74188 | D:6      | Bought a book of Frost for 525 gold pieces
 74192 | D:6      | Learned a level 3 spell: Ozocubu's Armour
 75147 | Lair:2   | Learned a level 6 spell: Invisibility
 75155 | Snake:1  | Reached XP level 16. HP: 72/72 MP: 29/32
 76167 | Snake:1  | Found Voejat's Antique Weapon Shop.
 78220 | Shoals:1 | Noticed Frances
 78704 | Shoals:1 | HP: 1/72 [Frances/iron shot (67)]
 78710 | Lair:2   | HP: 3/71 [Frances/+0 short sword (16)]
 79386 | Lair:1   | Killed Gioss's ghost
 80568 | Snake:3  | Found a sparkling altar of Nemelex Xobeh.
 80859 | Snake:2  | Got a bloodstained short sword
 80860 | Snake:2  | Identified the +3 short sword "Metzuh" {drain, *Contam
                  | rElec rN+} (You found it on level 2 of the Snake Pit)
 81388 | Snake:2  | Reached skill level 10 in Short Blades
 83414 | Snake:2  | Reached skill level 1 in Shields
 83739 | Snake:4  | Entered Level 4 of the Snake Pit
 85041 | Snake:3  | Found Totuak's General Store.
 87391 | Snake:4  | Shot with a bolt by a naga sharpshooter

Illustrated notes

Levels and vault maps discovered:
D:1:      lightli_arrival_maybe_door_vault, layout_basic,
          minmay_worlds_worst_comb
D:2:      layout_basic, lemuel_blue_sif_altar, serial_corexii_hall,
          chequers_hall_statues_wall_a, corexii_hall_statues_l
D:3:      layout_basic, nicolae_overflow_hidden_temple, uniq_sigmund
D:4:      layout_basic, kennysheep_mini_moat, zin_angel, gammafunk_ghost_grave
D:5:      layout_gridville, uniq_eustachio
D:6:      layout_loops_ring, minmay_temple_entry_trees, serial_shops,
          nicolae_shop_temple_entry_statues_fountains, roderic_roman_lattice
D:7:      layout_basic, old_standard_altar, nicolae_qazlal_style_of_elements
D:8:      layout_basic, lemuel_crystal_altar, nicolae_ashenzari_panopticon,
          trog_eyes_of_draining, enter_bailey_3
D:9:      layout_roguey, riverfiend_overflow_shadow_ancestor,
          nicolae_overflow_crystal_walls, nicolae_ru_sacrificial_ziggurat,
          sword_in_stone
D:10:     layout_loops_ring, basic_altar, minivault_21, uniq_joseph, uniq_psyche
D:11:     layout_loops_corners, lair_entry_dummy, uniq_erica
D:12:     layout_basic, david_orc_3
D:13:     layout_irregular_city, ebering_ghost_funeral_grove
D:14:     layout_rooms, grunt_vaults_entry_tiered,
          chequers_serial_rivers_micro_d, enter_trove_0, basic_altar
D:15:     gammafunk_enter_depths_forms, layout_basic,
          hangedman_abyss_or_decor_clamps, nzn_ghost_randoct
Temple:   compressed_dpeg_triangle_lava_temple
Lair:1:   layout_chaotic_city, maelrawn_ghost_gauntlet_escape,
          grunt_megastairs_4, infiniplex_staircase_pool_2, serial_bayou_shore_b,
          serial_bayou_shore_b, serial_bayou_shore_a
Lair:2:   layout_regular_city, minmay_shoals_entry_lonely_mermaid,
          guppyfry_snake_entry_island, lemuel_fruit_tree, uniq_nergalle,
          uniq_maggie
Lair:3:   layout_loops_ring, gammafunk_ghost_icy, chequers_serial_rivers_micro_c
Lair:4:   layout_cave_pods, beast_lair_carwin_4
Lair:5:   layout_long_grid, gauntlet_entry_generic, st_stairs_11,
          eino_small_chamber_without_monster
Lair:6:   hangedman_lair_caniforms_friends, layout_regular_city,
          hangedman_lair_in_review, minmay_slime_entry_pillars
Shoals:1: layout_shoals, uniq_frances
Shoals:2: layout_shoals, nicolae_shoals_arrival_archipelago, uniq_ilsuiw
Snake:1:  layout_grid_shapes, serial_shops, nicolae_shop_stone
Snake:2:  layout_grid_shapes, serial_bayou_pond_c
Snake:3:  layout_misc_corridors, portal_ice_cave_entry_dragon, basic_altar,
          minmay_shop_star
Snake:4:  johnstein_snake_rune_scales, layout_onion, grunt_megastairs_5
Slime:1:  layout_caves
Orc:1:    layout_caves
Orc:2:    grunt_orc_tribal_feast, layout_diamond_mine, serial_shops,
          nicolae_shop_crystal, basic_altar, nooodl_orcs_dogs, uniq_erolcha,
          uniq_rupert
Elf:1:    minmay_elf_arrival_summoners, layout_loops_corners, serial_shops,
          nicolae_shop_stone, nicolae_shop_waterfront, minmay_elf_demonology,
          hangedman_summoners_spam
Depths:1: layout_basic, enter_ziggurat_e, amcnicky_mini_pool_small, hell_entry,
          minmay_misc_feat_tiny, minmay_misc_feat_nine_boxes,
          hangedman_aerie_drop

Skill      XL: |  1  2  3  4  5  6  7  8  9 10 11 12 13 14 15 16 |
---------------+-------------------------------------------------+-----
Stealth        | 5 6 7 9 10 12 14 15 18 | 18.7
Spellcasting   | 4 6 8 9 11 12 | 12.2
Hexes          | 5 6 8 10 11 12 14 | 14.0
Necromancy     | 3 5 7 9 10 | 10.4
Dodging        | 5 8 11 13 14 16 17 18 | 18.5
Evocations     | 6 9 10 | 10.0
Fighting       | 3 |  3.3
Short Blades   | 3 7 9 10 | 10.0
Ice Magic      | 4 5 |  5.0
Throwing       | 3 6 |  6.0
Translocations | 7 |  7.7
Shields        | 2 |  2.2

Action                   |  1- 3 |  4- 6 |  7- 9 | 10-12 | 13-15 | 16-18 || total
-------------------------+-------+-------+-------+-------+-------+-------++-------
Melee: Dagger            |   131 |   102 |   241 |   371 |   988 |   252 ||  2085
Throw: Dart              |    22 |    62 |    28 |   261 |   470 |    15 ||   858
       Boomerang         |       |     1 |       |     8 |    23 |    48 ||    80
 Cast: Ensorcelled Hiber |     8 |    25 |    65 |   158 |   444 |   108 ||   808
       Confusing Touch   |     1 |     4 |    44 |    44 |    91 |    27 ||   211
       Tukima's Dance    |       |       |       |     2 |    14 |     8 ||    24
       Dazzling Flash    |       |       |       |     1 |    14 |       ||    15
       Mephitic Cloud    |       |       |       |     1 |     1 |       ||     2
       Apportation       |       |       |       |       |    15 |       ||    15
       Dispel Undead     |       |       |       |       |     9 |       ||     9
       Blink             |       |       |       |       |     1 |     1 ||     2
Invok: Receive Necronomi |       |       |       |       |     1 |       ||     1
 Abil: Evoke Invisibilit |       |       |       |     1 |     1 |       ||     2
Evoke: Wand              |       |       |     4 |    17 |    39 |    10 ||    70
  Use: Scroll            |     1 |     2 |     4 |     9 |    18 |     5 ||    39
       Potion            |     1 |     2 |     1 |     3 |     1 |     2 ||    10
 Stab: Sleeping          |    20 |    29 |    59 |   110 |   303 |    65 ||   586
       Confused          |       |     3 |    32 |    40 |    90 |    26 ||   191
       Paralysed         |       |       |       |     2 |     2 |       ||     4
       Invisible         |       |       |       |     2 |     4 |       ||     6
       Distracted        |       |       |       |     1 |     4 |       ||     5
Armor: Robe              |    17 |     4 |    10 |    16 |    32 |     5 ||    84
Dodge: Dodged            |   137 |    81 |   201 |   257 |   844 |   222 ||  1742
